TOP OF THE 1ST |
Las Vegas 51s batting - Pitching for Memphis Redbirds : LHP Tsugunosuke Murakami
|
Pitching: LHP Tsugunosuke Murakami
|
|
Batting: RHB Finn Ross
|
0-0: Foul Ball, location: 2F 0-1: Foul Ball, location: 2F 0-2: Ball 1-2: Ball 2-2: Ground out U3 (Groundball, 34, EV 88.8 MPH)
|
Batting: SHB Jason Larson
|
0-0: Ball 1-0: Ball 2-0: Ball 3-0: Called Strike 3-1: Reached on error, E6 (Groundball, 6, EV 92.5 MPH)
|
Batting: RHB Josh Jones
|
0-0: Ball 1-0: Grounds into double play, 5-4-3 (Groundball, 56S, EV 86.9 MPH)
|
Top of the 1st over - 0 runs, 0 hits, 1 error, 0 left on base; Las Vegas 0 - Memphis 0 |
BOTTOM OF THE 1ST |
Memphis Redbirds batting - Pitching for Las Vegas 51s : LHP Mike Capers
|
Pitching: LHP Mike Capers
|
|
Batting: RHB Joe Smack
|
0-0: DOUBLE (Line Drive, 89M, EV 95.0 MPH)
|
Batting: SHB Dan Lash
|
0-0: Ball 1-0: Swinging Strike 1-1: Foul Ball, location: 2F 1-2: Foul Ball, location: 2F 1-2: Strikes out swinging
|
Batting: RHB Billy Crookston
|
0-0: Fly out, F9 (Flyball, 9, EV 95.6 MPH) Runner from 2nd tags up, SAFE at 3rd with throw by RF
|
Batting: RHB Danny Gallo
|
0-0: Ball 1-0: Ball 2-0: Ball 3-0: Called Strike 3-1: Base on Balls
|
Batting: RHB Joe Alley
|
0-0: Foul Ball, location: 2F 0-1: Ball 1-1: Ball 2-1: Ball Pickoff Throw to First - Out! 1-3
|
Bottom of the 1st over - 0 runs, 1 hit, 0 errors, 1 left on base; Las Vegas 0 - Memphis 0 |
TOP OF THE 2ND |
Las Vegas 51s batting - Pitching for Memphis Redbirds : LHP Tsugunosuke Murakami
|
Batting: SHB Harrison Feist
|
0-0: Ball 1-0: Ball 2-0: Fly out, F9 (Flyball, 9LM, EV 81.9 MPH)
|
Batting: RHB Ken Fitzpatrick
|
0-0: Ball 1-0: Ball 2-0: Ball 3-0: Ground out 5-3 (Groundball, 56S, EV 82.5 MPH)
|
Batting: SHB Nelson Powell
|
0-0: Called Strike 0-1: Ball 1-1: Foul Ball, location: 2F 1-2: Ball 2-2: Strikes out swinging, 2-3 out at first.
|
Top of the 2nd over - 0 runs, 0 hits, 0 errors, 0 left on base; Las Vegas 0 - Memphis 0 |
BOTTOM OF THE 2ND |
Memphis Redbirds batting - Pitching for Las Vegas 51s : LHP Mike Capers
|
Batting: RHB Joe Alley
|
0-0: Called Strike 0-1: Called Strike 0-2: Ball 1-2: Strikes out looking
|
Batting: RHB Fabrice Bertin
|
0-0: Ball 1-0: Called Strike 1-1: Foul Ball, location: 2F 1-2: Foul Ball, location: 2F 1-2: Ball 2-2: Strikes out swinging
|
Batting: LHB Adam Eisen
|
0-0: Ball 1-0: Swinging Strike 1-1: Ball 2-1: Swinging Strike 2-2: Ball 3-2: Strikes out looking
|
Bottom of the 2nd over - 0 runs, 0 hits, 0 errors, 0 left on base; Las Vegas 0 - Memphis 0 |
TOP OF THE 3RD |
Las Vegas 51s batting - Pitching for Memphis Redbirds : LHP Tsugunosuke Murakami
|
Batting: RHB Devine Adams
|
0-0: Swinging Strike 0-1: SINGLE (Groundball, 56D, EV 105.0 MPH)
|
Batting: RHB Alex Vasquez
|
0-0: Ball 1-0: Ball 2-0: Ball 3-0: Called Strike 3-1: Swinging Strike 3-2: Strikes out swinging
|
Batting: LHB Jose Chavez
|
0-0: Ball 1-0: Called Strike 1-1: Ball 2-1: Swinging Strike 2-2: Strikes out swinging
|
Batting: RHB Finn Ross
|
0-0: Foul Ball, location: 2F 0-1: Foul Ball, location: 2F 0-2: Foul Ball, location: 2F 0-2: Ball 1-2: Strikes out swinging
|
Top of the 3rd over - 0 runs, 1 hit, 0 errors, 1 left on base; Las Vegas 0 - Memphis 0 |
BOTTOM OF THE 3RD |
Memphis Redbirds batting - Pitching for Las Vegas 51s : LHP Mike Capers
|
Batting: RHB Josh Martin
|
0-0: Ball 1-0: Called Strike 1-1: Ball 2-1: Ball 3-1: Base on Balls
|
Batting: RHB Dave Cluster
|
0-0: Ball 1-0: Grounds into double play, 3-6-3 (Groundball, 3, EV 91.2 MPH)
|
Batting: RHB Joe Smack
|
0-0: Ball 1-0: Ball 2-0: Called Strike 2-1: Ball 3-1: Foul Ball, location: 2F 3-2: Strikes out swinging
|
Bottom of the 3rd over - 0 runs, 0 hits, 0 errors, 0 left on base; Las Vegas 0 - Memphis 0 |
TOP OF THE 4TH |
Las Vegas 51s batting - Pitching for Memphis Redbirds : LHP Tsugunosuke Murakami
|
Batting: SHB Jason Larson
|
0-0: Called Strike 0-1: Foul Ball, location: 2F 0-2: Strikes out swinging
|
Batting: RHB Josh Jones
|
0-0: Ball 1-0: Called Strike 1-1: Swinging Strike 1-2: Strikes out swinging
|
Batting: SHB Harrison Feist
|
0-0: Ball 1-0: Ball 2-0: Ball 3-0: Called Strike 3-1: Base on Balls
|
Batting: RHB Ken Fitzpatrick
|
0-0: Ball 1-0: Swinging Strike 1-1: 2-RUN HOME RUN (Line Drive, 7D, EV 98.1 MPH), Distance : 365 ft
|
Batting: SHB Nelson Powell
|
0-0: Foul Ball, location: 2F 0-1: Ball 1-1: Ball 2-1: Foul Ball, location: 2F 2-2: Strikes out swinging
|
Top of the 4th over - 2 runs, 1 hit, 0 errors, 0 left on base; Las Vegas 2 - Memphis 0 |
BOTTOM OF THE 4TH |
Memphis Redbirds batting - Pitching for Las Vegas 51s : LHP Mike Capers
|
Batting: SHB Dan Lash
|
0-0: Called Strike 0-1: Ball 1-1: Foul Ball, location: 2F 1-2: Ball 2-2: Foul Ball, location: 2F 2-2: Ball 3-2: Strikes out looking
|
Batting: RHB Billy Crookston
|
0-0: Ball 1-0: Fly out, F8 (Flyball, 78M, EV 88.1 MPH)
|
Batting: RHB Danny Gallo
|
0-0: Called Strike 0-1: Swinging Strike 0-2: Ball 1-2: Foul Ball, location: 2F 1-2: Ball 2-2: Strikes out swinging
|
Bottom of the 4th over - 0 runs, 0 hits, 0 errors, 0 left on base; Las Vegas 2 - Memphis 0 |
TOP OF THE 5TH |
Las Vegas 51s batting - Pitching for Memphis Redbirds : LHP Tsugunosuke Murakami
|
Batting: RHB Devine Adams
|
0-0: Ball 1-0: Called Strike 1-1: Ball 2-1: Foul Ball, location: 2F 2-2: Ground out 5-3 (Groundball, 56S, EV 80.6 MPH)
|
Batting: RHB Alex Vasquez
|
0-0: Called Strike 0-1: Foul Ball, location: 2F 0-2: Ball 1-2: Ground out 5-3 (Groundball, 56S, EV 70.6 MPH)
|
Batting: LHB Jose Chavez
|
0-0: Fly out, F8 (Line Drive, 8LM, EV 103.8 MPH)
|
Top of the 5th over - 0 runs, 0 hits, 0 errors, 0 left on base; Las Vegas 2 - Memphis 0 |
BOTTOM OF THE 5TH |
Memphis Redbirds batting - Pitching for Las Vegas 51s : LHP Mike Capers
|
Batting: RHB Joe Alley
|
0-0: Ball 1-0: Foul Ball, location: 2F 1-1: Fly out, F8 (Line Drive, 8LD, EV 94.4 MPH)
|
Batting: RHB Fabrice Bertin
|
0-0: Ground out 4-3 (Groundball, 34, EV 105.6 MPH)
|
Batting: LHB Adam Eisen
|
0-0: Called Strike 0-1: Foul Ball, location: 2F 0-2: Ball 1-2: Ball 2-2: Fly out, F8 (Flyball, 8RM, EV 80.0 MPH)
|
Bottom of the 5th over - 0 runs, 0 hits, 0 errors, 0 left on base; Las Vegas 2 - Memphis 0 |
TOP OF THE 6TH |
Las Vegas 51s batting - Pitching for Memphis Redbirds : LHP Tsugunosuke Murakami
|
Pitching: LHP Michael Twigg
|
|
Batting: RHB Finn Ross
|
0-0: Ball 1-0: Called Strike 1-1: Ball 2-1: Swinging Strike 2-2: SINGLE (Groundball, 6MD, EV 94.4 MPH)
|
Batting: SHB Jason Larson
|
0-0: Ball 1-0: Ball 2-0: Ball Wild Pitch! Finn Ross to second 3-0: Base on Balls
|
Batting: RHB Josh Jones
|
0-0: Called Strike 0-1: Foul Ball, location: 2F 0-2: Ball 1-2: Ball 2-2: Strikes out swinging
|
Batting: SHB Harrison Feist
|
0-0: 3-RUN HOME RUN (Flyball, 78XD, EV 108.1 MPH), Distance : 415 ft
|
Pitching: RHP Roberto Duron
|
|
Batting: RHB Ken Fitzpatrick
|
0-0: Called Strike 0-1: Fly out, F7 (Flyball, BS3, EV 96.2 MPH)
|
Batting: SHB Nelson Powell
|
0-0: Ball 1-0: Ball 2-0: Called Strike 2-1: Ball 3-1: Ground out U3 (Groundball, 34, EV 92.5 MPH)
|
Top of the 6th over - 3 runs, 2 hits, 0 errors, 0 left on base; Las Vegas 5 - Memphis 0 |
BOTTOM OF THE 6TH |
Memphis Redbirds batting - Pitching for Las Vegas 51s : LHP Mike Capers
|
Batting: RHB Josh Martin
|
0-0: Ball 1-0: Ball 2-0: Ball 3-0: Base on Balls
|
Batting: RHB Dave Cluster
|
0-0: Ball Josh Martin steals 2nd base 1-0: Ball 2-0: Called Strike 2-1: Swinging Strike 2-2: Foul Ball, location: 2F 2-2: SINGLE (Groundball, 4MD, EV 106.9 MPH) Josh Martin to third Runner from 3rd tries for Home, SAFE, throw by CF to home
|
Batting: RHB Joe Smack
|
0-0: Ball Dave Cluster steals 2nd base 1-0: Ball 2-0: SINGLE (Line Drive, 6MD, EV 106.9 MPH) Dave Cluster to third
|
Batting: SHB Dan Lash
|
0-0: Ball Joe Smack steals 2nd, throwing error, E2 Dave Cluster scores Joe Smack to third 1-0: Called Strike 1-1: Swinging Strike 1-2: Strikes out swinging
|
Batting: RHB Billy Crookston
|
0-0: Ball 1-0: Ball 2-0: SINGLE (Flyball, 89S, EV 85.0 MPH) Joe Smack scores
|
Batting: RHB Danny Gallo
|
0-0: Foul Ball, location: 2F 0-1: Ball 1-1: Ball 2-1: Ball 3-1: Called Strike 3-2: Foul Ball, location: 2F 3-2: SINGLE (Groundball, 6MD, EV 105.0 MPH) Billy Crookston to second
|
Batting: RHB Joe Alley
|
0-0: Called Strike 0-1: Called Strike 0-2: TRIPLE (Flyball, 9LD, EV 105.6 MPH) Billy Crookston scores Danny Gallo scores
|
Pitching: RHP Ryan Wilson
|
|
Pinch Hitting: LHB Kyle Schaible
|
0-0: Ball 1-0: Ball 2-0: Ball 3-0: Called Strike 3-1: Foul Ball, location: 2F 3-2: Base on Balls
|
Batting: LHB Adam Eisen
|
0-0: Fielders Choice at 2nd, 4-6 (Groundball, 34, EV 108.8 MPH) Joe Alley scores
|
Batting: RHB Josh Martin
|
0-0: Called Strike 0-1: Ball 1-1: Ball 2-1: Called Strike Adam Eisen is caught stealing 2nd base 2-4
|
Bottom of the 6th over - 6 runs, 5 hits, 1 error, 0 left on base; Las Vegas 5 - Memphis 6 |
TOP OF THE 7TH |
Las Vegas 51s batting - Pitching for Memphis Redbirds : RHP Roberto Duron
|
Now at 2B: Kyle Schaible
|
|
Now in LF: Joe Smack
|
|
Now in CF: Adam Eisen
|
|
Now in RF: Danny Gallo
|
|
Batting: RHB Devine Adams
|
0-0: Called Strike 0-1: Ball 1-1: Ground out 6-3 (Groundball, 56, EV 88.8 MPH)
|
Batting: RHB Alex Vasquez
|
0-0: Called Strike 0-1: Foul Ball, location: 2F 0-2: Ball 1-2: Strikes out swinging
|
Batting: LHB Jose Chavez
|
0-0: Called Strike 0-1: Foul Ball, location: 2F 0-2: Ground out 2-3 (Groundball, 13S, EV 65.6 MPH)
|
Top of the 7th over - 0 runs, 0 hits, 0 errors, 0 left on base; Las Vegas 5 - Memphis 6 |
BOTTOM OF THE 7TH |
Memphis Redbirds batting - Pitching for Las Vegas 51s : RHP Ryan Wilson
|
Batting: RHB Josh Martin
|
0-0: Swinging Strike 0-1: Ball 1-1: Ball 2-1: Ball 3-1: Base on Balls
|
Batting: RHB Dave Cluster
|
0-0: Ball 1-0: Ball Josh Martin steals 2nd base 2-0: Foul Ball, location: 2F 2-1: Called Strike 2-2: Reached on error, E6 (Groundball, 56, EV 102.5 MPH) Josh Martin to third
|
Batting: RHB Joe Smack
|
0-0: Ball 1-0: Called Strike 1-1: Ball 2-1: Ball 3-1: SINGLE (Groundball, 6, EV 97.5 MPH) Josh Martin scores Dave Cluster to second
|
Batting: SHB Dan Lash
|
0-0: Bunt missed! 0-1: Ball 1-1: Sac Bunt to 13S - play at first, batter OUT! 1-4 Dave Cluster to third Joe Smack to second
|
Batting: RHB Billy Crookston
|
0-0: Ball 1-0: Foul Ball, location: 2F 1-1: Called Strike 1-2: Ball 2-2: Ball 3-2: Foul Ball, location: 2F 3-2: SINGLE (Groundball, 34D, EV 108.8 MPH) Dave Cluster scores Joe Smack to third Runner from 3rd tries for Home, SAFE, throw by RF to home
|
Pitching: LHP Jonathan Gendron
|
|
Batting: RHB Danny Gallo
|
0-0: TRIPLE (Line Drive, 78XD, EV 109.4 MPH) Billy Crookston scores
|
Batting: RHB Joe Alley
|
0-0: Called Strike 0-1: Ball 1-1: Ball 2-1: Swinging Strike 2-2: Ball 3-2: Base on Balls
|
Pitching: RHP Austin Kuhn
|
|
Batting: LHB Kyle Schaible
|
0-0: Ball 1-0: Ball 2-0: Ball 3-0: Base on Balls Joe Alley to second
|
Batting: LHB Adam Eisen
|
0-0: Ball 1-0: Ball 2-0: Called Strike 2-1: Fly out, F9 (Flyball, 9D, EV 91.9 MPH) Runner from 3rd tags up, SCORES, throw by RF Joe Alley to third
|
Batting: RHB Josh Martin
|
0-0: Ball 1-0: Ball 2-0: Ball 3-0: Base on Balls Kyle Schaible to second
|
Batting: RHB Dave Cluster
|
0-0: Ball 1-0: Fielders Choice at 2nd, 5-4 (Groundball, 56, EV 87.5 MPH)
|
Bottom of the 7th over - 5 runs, 3 hits, 1 error, 3 left on base; Las Vegas 5 - Memphis 11 |
TOP OF THE 8TH |
Las Vegas 51s batting - Pitching for Memphis Redbirds : RHP Roberto Duron
|
Batting: RHB Finn Ross
|
0-0: Ball 1-0: Ground out 1-3 (Groundball, 13S, EV 70.0 MPH)
|
Batting: SHB Jason Larson
|
0-0: Ball 1-0: Ball 2-0: Ball 3-0: Called Strike 3-1: Called Strike 3-2: Strikes out looking
|
Batting: RHB Josh Jones
|
0-0: Called Strike 0-1: Foul Ball, location: 2F 0-2: Strikes out swinging
|
Top of the 8th over - 0 runs, 0 hits, 0 errors, 0 left on base; Las Vegas 5 - Memphis 11 |
BOTTOM OF THE 8TH |
Memphis Redbirds batting - Pitching for Las Vegas 51s : RHP Austin Kuhn
|
Batting: RHB Joe Smack
|
0-0: Called Strike 0-1: Ball 1-1: Ball 2-1: SINGLE (Line Drive, 56, EV 98.1 MPH)
|
Batting: SHB Dan Lash
|
0-0: Foul Ball, location: 2F 0-1: Ball 1-1: Foul Ball, location: 2F 1-2: Foul Ball, location: 2F 1-2: Foul Ball, location: 2F 1-2: Foul Ball, location: 2F 1-2: SINGLE (Groundball, 13, EV 87.5 MPH) (infield hit) Joe Smack to second
|
Batting: RHB Billy Crookston
|
0-0: Ball 1-0: Swinging Strike 1-1: Ball 2-1: Foul Ball, location: 2F 2-2: Strikes out swinging
|
Batting: RHB Danny Gallo
|
0-0: Foul Ball, location: 2F 0-1: Fly out, F9 (Flyball, 9, EV 88.8 MPH)
|
Batting: RHB Joe Alley
|
0-0: Ball 1-0: Called Strike 1-1: Ball 2-1: Foul Ball, location: 2F 2-2: Foul Ball, location: 2F 2-2: Strikes out swinging
|
Bottom of the 8th over - 0 runs, 2 hits, 0 errors, 2 left on base; Las Vegas 5 - Memphis 11 |
TOP OF THE 9TH |
Las Vegas 51s batting - Pitching for Memphis Redbirds : RHP Roberto Duron
|
Batting: SHB Harrison Feist
|
0-0: Swinging Strike 0-1: Called Strike 0-2: Ball 1-2: Strikes out swinging
|
Batting: RHB Ken Fitzpatrick
|
0-0: Swinging Strike 0-1: Swinging Strike 0-2: Ball 1-2: Foul Ball, location: 2F 1-2: Foul Ball, location: 2F 1-2: Strikes out swinging
|
Batting: SHB Nelson Powell
|
0-0: Called Strike 0-1: Foul Ball, location: 2F 0-2: Ball 1-2: Ball 2-2: Foul Ball, location: 2F 2-2: Foul Ball, location: 2F 2-2: Ground out 4-3 (Groundball, 4, EV 85.0 MPH)
|
Top of the 9th over - 0 runs, 0 hits, 0 errors, 0 left on base; Las Vegas 5 - Memphis 11 |
|